 Dungeon Crawl Stone Soup version 0.22-a0-69-g116c2a8 (webtiles) character file.

28 HAL9000 the Sneak (level 3, 0/18 HPs)
             Began as a Vine Stalker Assassin on Jan 11, 2018.
             Was an Initiate of Dithmenos.
             Slain by a goblin
             ... wielding a +0 club
             ... led by Robin
              (3 damage)
             ... on level 2 of the Dungeon.
             The game lasted 00:01:44 (865 turns).

HAL9000 the Sneak (Vine Stalker Assassin)            Turns: 865, Time: 00:01:45

Health: 0/18       AC:  3    Str: 14    XL:     3   Next: 12%
Magic:  0/4        EV: 11    Int: 11    God:    Dithmenos [......]
Gold:   1          SH:  0    Dex: 15    Spells: 2/2 levels left

rFire    . . .     SeeInvis .   a - +2 dagger
rCold    . . .     Gourm    .   (no shield)
rNeg     . . .     Faith    .   c - +0 robe
rPois    .         Spirit   +   (no helmet)
rElec    .         Reflect  .   d - +0 cloak
rCorr    .         Harm     .   (no gloves)
MR       .....                  (no boots)
Stlth    +++.......             (no amulet)
HPRegen  0.06/turn              (no ring)
MPRegen  0.09/turn              (no ring)

@: no status effects
A: fangs 2, magic shield, antimagic bite, no potion heal 3, rot immunity
a: Renounce Religion


You were on level 2 of the Dungeon.
You worshipped Dithmenos.
Dithmenos was noncommittal.
You were not hungry.

You visited 1 branch of the dungeon, and saw 2 of its levels.

You collected 1 gold pieces.

Inventory:

Hand Weapons
 a - a +2 dagger (weapon)
 b - a +0 blowgun
Missiles
 e - 8 poisoned needles
 f - 2 curare-tipped needles
Armour
 c - a +0 robe (worn)
 d - a +0 cloak (worn)
Scrolls
 j - a scroll of identify {unknown}
 k - a scroll of random uselessness {unknown}
 l - 2 scrolls of remove curse {unknown}
 n - a scroll of immolation {unknown}
 o - a scroll of teleportation {unknown}
Potions
 h - a potion of curing {unknown}
 i - a potion of flight {unknown}
 m - a potion of might {unknown}
 p - a potion of resistance {unknown}
Comestibles
 g - 4 rations


   Skills:
 - Level 1.7 Fighting
 + Level 3.2 Short Blades
 - Level 1.7 Throwing
 - Level 0.7 Dodging
 - Level 4.8 Stealth


You had 2 spell levels left.
You didn't know any spells.

Dungeon Overview and Level Annotations

Branches:
Dungeon (2/15)

Altars:
Dithmenos

Annotations:
D:2 Robin


Innate Abilities, Weirdness & Mutations

You have extremely sharp teeth.
When hurt, damage is shared between your health and your magic reserves.
Your bite disrupts and absorbs the magic of your enemies.
Potions cannot restore your health.
You are immune to rotting.


Message History

Robin throws the goblin at you!
You closely miss Robin. You bite Robin, but do no damage.
Robin is moderately wounded.
The goblin hits you but does no damage.
You closely miss Robin. You bite Robin. You drain her power.
You feel invigorated.
Robin is moderately wounded.
Robin throws the goblin at you! The goblin barely misses you. x2
You barely miss the goblin. Robin barely misses you.
The goblin hits you with a dagger.
The goblin shouts!
The goblin closely misses you. Robin closely misses you.
The goblin hits you with a club.
* * * LOW HITPOINT WARNING * * *
Robin throws the goblin at you!
* * * LOW HITPOINT WARNING * * *
You hit the goblin. You bite the goblin, but do no damage.
The goblin is moderately wounded.
The goblin hits you with a club.
You die...

#.#.####
#..####.#.#######.#
#...<..# #..# #.#g#
..####.#
#.###.K####.#.# #.#
#.# #...........#†###
#.#
##.#######....†..g...#
..#
#..†...####.######.#.#
#.# #..##...###.#
#.#.#
#..#.....##g######.# .
#..........g@g.....#
##
#.##.....##g########
#. ##...###.# #. ##.##
#.. #. #.# #### #.#
#.#


You could see Robin, 3 goblins and a kobold.

Vanquished Creatures
  A worm (D:2)
  2 leopard geckos (D:1)
  2 giant cockroaches
  4 goblins
  3 hobgoblins
  3 kobolds (D:1)
  A frilled lizard (D:1)
  7 rats
23 creatures vanquished.

Notes
Turn   | Place    | Note
-------+----------+-------------------------------------------
     0 | D:1      | HAL9000 the Vine Stalker Assassin began the quest for the Orb.
     0 | D:1      | Reached XP level 1. HP: 11/11 MP: 2/2
   128 | D:1      | Reached XP level 2. HP: 15/15 MP: 3/3
   774 | D:2      | Found a shadowy altar of Dithmenos.
   782 | D:2      | Became a worshipper of Dithmenos the Shadowed
   834 | D:2      | Reached XP level 3. HP: 17/18 MP: 4/4
   841 | D:2      | Noticed Robin
   865 | D:2      | Slain by a goblin

Vault maps used:
D:1:      tarquinn_simple_flora_water_b
D:2:      grunt_qazlal_clouds, lemuel_crystal_altar, old_standard_altar,
          first_ration, minmay_tetromino_o4, uniq_robin

Skill      XL: |  1  2 |
---------------+-------+-----
Short Blades   | 2 3 |  3.2
Fighting       | |  1.7
Throwing       | |  1.7
Dodging        | |  0.7
Stealth        | |  4.8

Action                   || total
-------------------------++-------
Melee: Dagger            ||    69
       Bite              ||    11
 Stab: Sleeping          ||    10
Armor: Robe              ||     6
Dodge: Dodged            ||    34

Table legend:
 A = Spawn XP
 B = Non-spawn XP
 C = Spawn XP percentage of total XP
 D = Spawn monster count
 E = Non-spawn monster count
 F = Spawn count percentage of total count
 G = Total turns spent on level
                    A         B        C        D         E        F      G
               +---------+---------+-------+---------+---------+-------+---------
         Total |       0 |      40 |   0.0 |       0 |      23 |   0.0 |   865
               +---------+---------+-------+---------+---------+-------+---------
           D:1 |       0 |      26 |   0.0 |       0 |      17 |   0.0 |   771
           D:2 |       0 |      14 |   0.0 |       0 |       6 |   0.0 |    94
               +---------+---------+-------+---------+---------+-------+---------
